Map: Submarine LE

Players

Scipion

  • Race: Zerg Zerg
  • League: Platinum
  • Spawn Location: 11:00

Massa - Winner!

  • Race: Terran Terran
  • League: Platinum
  • Spawn Location: 5:00

VOD

Have the link to the VOD?

Description

Time

  • Played on: Jan. 3, 2021, 8:28 a.m.
  • Length: 13:39
Show
View Real Time Build Order
Export as new Build Order

Scipion Zerg 

Build Orders: Hatch First 

Get SALT Encoding   

  12  0:03  Drone  
  13  0:13  Overlord  
  13  0:18  Drone  
  14  0:22  Extractor  
  14  0:24  Drone  
  15  0:35  Drone  
  16  0:57  Drone  
  16  1:01  Drone  
  16  1:02  Hatchery  
  17  1:13  Drone  
  17  1:16  Extractor  
  17  1:26  Drone, Spawning Pool  
  17  1:30  Drone  
  18  1:33  Drone  
  19  1:41  Drone  
  20  1:52  Overlord  
  20  2:17  Metabolic Boost  
  20  2:19  Drone x2  
  20  2:20  Queen x2  
  26  2:24  Zergling x2  
  26  2:26  Zergling x2  
  28  2:46  Drone  
  28  2:54  Hatchery  
  27  3:08  Drone x5  
  27  3:09  Drone  
  33  3:21  Zergling x4  
  35  3:31  Overlord  
  35  3:33  Overlord  
  35  3:43  Overlord  
  35  3:45  Overlord  
  35  3:49  Queen  
  37  4:03  Zergling x8  
  37  4:04  Zergling x6  
  44  4:17  Drone x2  
  46  4:25  Queen x2  
  46  4:28  Drone x3, Baneling Nest  
  46  4:29  Drone x2  
  54  4:45  Drone x2  
  56  4:48  Drone x3  
  56  4:49  Drone x2  
  61  4:55  Lair  
  61  5:06  Extractor  
  59  5:15  Zergling x10  
  59  5:16  Zergling x2  
  62  5:36  Zergling x6  
  65  5:47  Drone  
  62  6:00  Zergling x6  
  62  6:01  Zergling x4  
  65  6:06  Overlord x3  
  65  6:07  Overlord  
  65  6:08  Hatchery  
  64  6:18  Spire  
  63  6:28  Drone x3  
  66  6:33  Drone x2  
  66  6:35  Zergling x4  
  66  6:36  Zergling x4, Evolution Chamber, Overlord  
  66  6:39  Evolution Chamber  
  70  6:42  Extractor  
  70  6:43  Extractor  
  70  6:45  Overlord  
  70  6:46  Overlord  
  68  7:01  Overseer x3  
  68  7:02  Pneumatized Carapace  
  68  7:03  Burrow  
  68  7:08  Drone x3  
  71  7:09  Drone  
  71  7:10  Drone x2  
  71  7:11  Zergling x10  
  79  7:35  Drone x4  
  79  7:36  Drone x3  
  86  7:38  Queen  
  86  7:39  Extractor  
  86  7:43  Extractor  
  86  7:48  Queen  
  88  7:53  Corruptor x3  
  91  8:14  Queen  
  93  8:23  Queen  
  92  8:38  Corruptor  
  92  8:39  Corruptor x2  
  92  8:41  Zergling x28  
  112  8:52  Overlord  
  112  8:53  Overlord  
  112  8:54  Overlord  
  112  8:55  Overlord x2  
  112  8:56  Overlord  
  112  8:57  Overlord x2  
  112  8:58  Overlord  
  112  8:59  Overlord  
  112  9:10  Queen x2  
  112  9:15  Overlord x2  
  112  9:16  Overlord  
  116  9:22  Centrifical Hooks  
  116  9:28  Drone  
  116  9:29  Drone x4  
  121  9:53  Zerg Melee Weapons Level 1  
  121  9:54  Zerg Ground Armor Level 1  
  121  9:57  Zergling x24  
  121  9:58  Zergling x18  
  142  10:17  Baneling  
  142  10:18  Baneling x20  
  142  10:19  Baneling x8  
  142  10:20  Baneling  
  142  10:21  Zergling x2  
  142  10:22  Zergling x24  
  142  10:27  Overseer  
  154  10:50  Mutalisk x3  
  140  11:08  Zergling x16  
  140  11:09  Zergling x20  
  113  11:15  Zergling x14  
  118  11:26  Mutalisk x2  
  118  11:27  Mutalisk x2  
  119  11:37  Mutalisk x3  
  119  11:38  Zergling x2  
  120  11:48  Baneling x4  
  120  11:49  Baneling x2  
  120  11:50  Zergling x14  
  127  12:11  Drone x3  
  127  12:12  Drone x4  
  130  12:36  Mutalisk x4  
  135  12:38  Zergling x2  
  135  12:39  Zergling x28  
  152  12:55  Zergling x6  
  152  12:56  Zergling x10  
  136  13:17  Zergling x2  
  136  13:18  Zergling x20  
Show
View Real Time Build Order
Export as new Build Order

Massa Terran - Winner!

Build Orders: Reaper Expand 

Get SALT Encoding   

  12  0:00  SCV  
  13  0:12  SCV  
  14  0:20  Supply Depot  
  14  0:24  SCV  
  15  0:42  SCV  
  16  0:43  Barracks  
  16  0:51  Refinery  
  16  0:54  SCV  
  17  1:06  SCV  
  18  1:18  SCV  
  19  1:30  Orbital Command  
  19  1:46  Reaper  
  20  1:50  Command Center  
  20  1:55  SCV  
  21  2:06  Supply Depot  
  21  2:08  Refinery  
  21  2:15  Factory  
  21  2:18  Marine  
  21  2:19  SCV  
  23  2:36  SCV  
  24  3:13  Factory Reactor  
  24  3:14  Barracks Tech Lab  
  24  3:17  Orbital Command  
  24  3:19  SCV  
  25  3:24  Command Center  
  25  3:31  SCV, Barracks  
  25  3:33  Starport  
  26  3:37  Marine  
  26  3:38  Stimpack  
  27  3:43  SCV  
  27  3:45  SCV  
  29  3:51  Hellion  
  32  3:55  SCV  
  32  3:57  SCV  
  32  4:00  Hellion  
  35  4:03  Marine  
  35  4:07  SCV  
  35  4:09  SCV  
  38  4:12  Hellion  
  40  4:19  SCV  
  40  4:21  SCV  
  40  4:22  Hellion  
  44  4:32  SCV  
  44  4:33  SCV, Engineering Bay  
  44  4:36  Hellion  
  48  4:42  Supply Depot  
  48  4:43  Hellion  
  48  4:44  SCV, Supply Depot  
  51  4:48  Medivac  
  51  4:49  Barracks Reactor  
  51  4:52  SCV x2  
  55  4:56  SCV  
  55  4:57  Hellion  
  58  5:04  SCV  
  58  5:05  Widow Mine, SCV  
  57  6:03  Widow Mine x2  
  51  6:04  Marine  
  51  6:06  Marine  
  51  6:07  Marine  
  51  6:08  SCV x3  
  57  6:12  Refinery  
  57  6:13  Refinery  
  57  6:17  Medivac  
  59  6:20  SCV x2  
  59  6:22  Marine  
  59  6:24  Marine x2  
  66  6:29  Hellion x2  
  66  6:32  SCV  
  69  6:40  Marine  
  69  6:42  Marine x2  
  69  6:44  Barracks, Factory, Planetary Fortress  
  69  6:47  Liberator  
  72  6:50  Hellion  
  77  7:08  Supply Depot x2  
  77  7:09  Supply Depot  
  77  7:12  Engineering Bay  
  77  7:30  SCV x2, Hellion x2, Marauder, Marine x2, Medivac  
  77  7:33  Supply Depot  
  77  7:35  Supply Depot  
  87  7:42  SCV  
  88  7:51  SCV x2, Marauder  
  88  7:52  Hellion x2  
  88  7:54  SCV  
  97  8:01  Combat Shield  
  97  8:03  SCV, Marine x2  
  97  8:04  SCV  
  101  8:05  Factory Tech Lab  
  101  8:06  SCV  
  101  8:10  Barracks Reactor  
  102  8:13  Widow Mine x2, Marauder  
  102  8:15  SCV  
  109  8:21  Marine x2  
  111  8:34  Marauder  
  111  8:35  Widow Mine x2  
  117  8:43  Supply Depot  
  117  8:45  Siege Tank, Supply Depot  
  117  8:46  Supply Depot x3  
  117  8:49  Missile Turret  
  117  8:53  Missile Turret  
  117  9:02  Infernal Pre-Igniter  
  117  9:05  Marauder, Marine x4  
  117  9:08  Armory  
  123  9:10  Engineering Bay  
  123  9:11  Refinery  
  123  9:13  Sensor Tower  
  123  9:17  Siege Tank  
  123  9:22  Marine  
  123  9:23  Marine x3  
  130  9:25  Starport Reactor  
  130  9:26  Marauder  
  130  9:29  Command Center  
  130  9:30  SCV x3, Command Center  
  135  9:37  Terran Infantry Armor Level 1, Terran Infantry Weapons Level 1  
  135  9:40  Marine  
  135  9:42  SCV x2  
  135  9:43  SCV  
  138  9:48  Marauder  
  138  9:50  Siege Tank  
  143  10:03  Refinery  
  143  10:11  Sensor Tower  
  144  10:14  SCV x3  
  144  10:20  Terran Vehicle Weapons Level 1  
  146  10:26  SCV x3  
  149  10:43  Drilling Claws  
  149  10:45  Concussive Shells  
  149  10:47  Marauder, Marine x4  
  149  10:48  Siege Tank  
  149  10:49  Widow Mine  
  160  10:50  Widow Mine  
  149  11:05  Marine  
  149  11:08  Marauder  
  149  11:11  Widow Mine  
  126  11:16  Widow Mine  
  126  11:18  Marine x3  
  129  11:21  Siege Tank  
  129  11:22  Marine  
  129  11:25  Medivac x2  
  139  11:29  Marauder  
  139  11:32  Widow Mine  
  138  11:35  Marine  
  138  11:36  Marine x2  
  136  11:40  Marine  
  136  11:42  SCV x4  
  141  11:51  Marauder  
  141  11:53  Marine, Siege Tank  
  147  11:55  Medivac x2  
  147  11:56  Planetary Fortress  
  147  11:59  Refinery  
  147  12:00  Refinery  
  151  12:01  Smart Servos  
  151  12:07  Command Center  
  151  12:09  Marine x3  
  151  12:11  Marine  
  151  12:12  Marauder  
  157  12:15  Command Center  
  157  12:16  Barracks  
  157  12:19  Barracks x2  
  157  12:25  Medivac x2  
  157  12:27  Marine  
  162  12:34  Marauder  
  161  12:45  SCV x3  
  161  12:46  SCV  
  161  12:50  Missile Turret  
  165  12:52  Missile Turret  
  165  12:55  Marauder  
  165  12:57  SCV x2  
  169  12:59  Medivac  
  169  13:16  Marauder  
  158  13:22  Barracks Reactor, Barracks Tech Lab x2  
Tags
 
Add a new tag
Caveats
  • Supply blocks, unpowered buildings, or Contaminate may cause inaccurate times.
  • Supply counts are checked every 10 seconds.